 Dungeon Crawl Stone Soup version 0.29.1-12-g30fa7ad0bf (webtiles) character file.

Game seed: 15776327359093128582

46 javelincjr the Conjurer (level 3, -4/21 HPs)
             Began as an Octopode Conjurer on Dec 13, 2022.
             Slain by an orc
             ... wielding a +0 trident
              (8 damage)
             ... on level 3 of the Dungeon.
             The game lasted 00:05:44 (1761 turns).

javelincjr the Conjurer (Octopode Conjurer)         Turns: 1761, Time: 00:05:45

Health: -4/21      AC:  1    Str:  6    XL:     3   Next: 68%
Magic:  3/6        EV: 13    Int: 22    God:
Gold:   70         SH:  5    Dex: 10    Spells: 5/6 levels left

rFire   . . .      SeeInvis .   n - +3 dagger
rCold   . . .      Faith    .   (no shield)
rNeg    . . .      Spirit   .   (helmet restricted)
rPois   .          Reflect  +   d - amulet of reflection
rElec   .          Harm     .   q - ring of flight
rCorr   .          Rampage  .   (no ring)
Will    .....                   (no ring)
Stlth   +++.......              (no ring)
HPRegen 0.07/turn               (no ring)
MPRegen 0.10/turn               (no ring)
                                (no ring)
                                (no ring)

@: flying
A: almost no armour, amphibious, 8 rings, camouflage 1, gelatinous body 1,
(nimble swimmer 1), tentacles
a: no special abilities


You were on level 3 of the Dungeon.
You visited 1 branch of the dungeon, and saw 3 of its levels.

You collected 70 gold pieces.

Inventory:

Hand Weapons
 b - a +0 whip
 n - a +3 dagger (weapon)
Missiles
 p - 4 stones
Jewellery
 d - an amulet of reflection (around mantle)
 q - a ring of flight (left tentacle)
Scrolls
 c - a scroll of identify {unknown}
 e - a scroll of teleportation {unknown}
 f - a scroll of magic mapping {unknown}
 j - a scroll of immolation {unknown}
 k - a scroll of enchant armour {unknown}
 m - a scroll of summoning {unknown}
 o - a scroll of vulnerability {unknown}
Potions
 a - a potion of magic
 g - a potion of attraction {unknown}
 h - a potion of heal wounds {unknown}
 i - a potion of might {unknown}
 l - a potion of haste {unknown}


   Skills:
 + Level 0.1 Short Blades
 + Level 2.3 Dodging
 + Level 3.2 Stealth
 + Level 1.1 Unarmed Combat
 + Level 2.1 Spellcasting
 + Level 4.6 Conjurations


You had 5 spell levels left.
You knew the following spells:

 Your Spells              Type           Power      Damage    Failure   Level
a - Magic Dart            Conj           88%        1d7       1%          1

Your spell library contained the following spells:

 Spells                   Type           Power      Damage    Failure   Level
 Searing Ray              Conj           44%        2d6       3%          2
 Dazzling Flash           Conj/Hex       24%        N/A       16%         3
 Scorch                   Fire           4%         2d5       21%         2
 Flame Wave               Conj/Fire      12%        2d6       45%         4
 Fulminant Prism          Conj/Hex       6%         3d7       45%         4
 Iskenderun's Mystic Bla  Conj/Tloc      12%        2d5       45%         4
 Summon Cactus Giant      Summ           1%         N/A       100%        6


Dungeon Overview and Level Annotations

Branches:
Dungeon (2/15)

Altars:

Shops:
D:3 [(


Innate Abilities, Weirdness & Mutations

You cannot wear most types of armour.
You are amphibious.
You can wear up to eight rings at the same time.
Your skin changes colour to match your surroundings (Stealth+).
Your rubbery body absorbs attacks. (AC +1, EV +1)
((You are camouflaged when in or above water. (Stealth+)))
You have tentacles for arms and can constrict up to eight enemies at once.


Message History

The orc wizard is moderately wounded.
You block the orc's attack.
You closely miss the orc. Your grab misses the orc. You squeeze the orc.
The orc is lightly wounded.
The orc barely misses you.
You hit the orc but do no damage. You grab the orc. You squeeze the orc.
The orc is moderately wounded.
You constrict the orc. You block the orc's attack. x2
You hit the orc. You tentacle-slap the orc.
The orc is almost dead.
You constrict the orc.
You kill the orc!
The orc wizard gestures at you while chanting.
The puff of flame hits you! The orc closely misses you.
You hear a shout!
Casting: Magic Dart (safe; 1% risk of failure)
Confirm with . or Enter, or press ? or * to list all spells.
Aiming: Magic Dart (safe; 1% risk of failure)
Press: ? - help, Shift-Dir - straight line, f - orc
Aim: an orc, wielding a +0 trident (100% to hit)
The magic dart hits the orc.
The orc is almost dead.
The orc barely misses you.
You hit the orc wizard. Your grab misses the orc wizard.
The orc wizard is severely wounded.
The orc wizard hits you with a +0 dagger.
* * * LOW HITPOINT WARNING * * *
The orc misses you.
You hit the orc wizard but do no damage.
Your grab misses the orc wizard.
The orc wizard is severely wounded.
The orc wizard mumbles some strange words.
The orc wizard flickers and vanishes!
Deactivating autopickup; reactivate with Ctrl-A.
The orc closely misses you.
You hit something.
Reactivating autopickup.
You feel a bit more experienced.
The orc hits you from afar with a +0 trident!
You die...

..###.#.....#
#..##.#.....###
##.##.#.......#
.#.##.###.####### .#.##>#
#....#..# # . .#....#
####...## .# o. .###..#
##..### .#oh. .######
##....# ..hh.. ..#
##..##@# #...# #.#
####..###o##...## #.#
####....####.o.....#
#.###....######.o...##..#
#......#### #......# ..
####......####...#..###.#
##...####......#.........
...####......###.......##
..#####.##.#..##.........
#


You could see 3 orcs.

Vanquished Creatures
  An orc wizard (D:3)
  An adder (D:2)
  A dart slug (D:1)
  An orc (D:3)
  3 ball pythons (D:1)
  A bat (D:3)
  3 endoplasms
  3 giant cockroaches (D:1)
  2 goblins
  2 hobgoblins
  4 jackals (D:3)
  3 kobolds
  A quokka (D:1)
  A frilled lizard (D:1)
  3 rats
30 creatures vanquished.

Vanquished Creatures (others)
  3 fungi (D:1)
  A plant (D:1)
4 creatures vanquished.

Grand Total: 34 creatures vanquished

Notes
Turn   | Place    | Note
-------+----------+-------------------------------------------
     0 | D:1      | javelincjr the Octopode Conjurer began the quest for the
                  | Orb.
     0 | D:1      | Reached XP level 1. HP: 11/11 MP: 3/3
   159 | D:1      | Reached XP level 2. HP: 17/17 MP: 0/5
   661 | D:1      | Found a faded altar of an unknown god.
  1183 | D:2      | Reached skill level 1 in Unarmed Combat
  1183 | D:2      | Reached XP level 3. HP: 11/21 MP: 6/6
  1488 | D:2      | You fall into a shaft and drop 1 floor!
  1493 | D:3      | Found Gemompuv's Armour Boutique.
  1564 | D:3      | Identified the +0 robe of the Blessed Realm {Will+ Dex+4
                  | Archmagi}
  1691 | D:3      | Found Etwoikh's Antique Weapon Shop.
  1761 | D:3      | Slain by an orc

Illustrated notes

Levels and vault maps discovered:
D:1:      reono_arrival_mine, layout_basic, shapermc_ecumenical_altar_petra,
          minmay_misc_feat_room, amcnicky_mini_rare_corridor_liquid
D:2:      kennysheep_six_static_rooms, layout_basic,
          minmay_misc_feat_four_crosses, st_stairs_10
D:3:      layout_rooms, serial_shops, shop, shop, kennysheep_cluttered_room

Skill      XL: |  1  2  3 |
---------------+----------+-----
Unarmed Combat | 1 |  1.1
Stealth        | 3 |  3.2
Short Blades   | |  0.1
Dodging        | |  2.3
Spellcasting   | |  2.1
Conjurations   | |  4.6

Action                   || total
-------------------------++-------
Melee: Unarmed           ||    53
       Tentacles         ||    25
       Constrict         ||    16
       Dagger            ||    25
       Punch             ||     2
 Cast: Magic Dart        ||    23
 Stab: Sleeping          ||     5
Dodge: Dodged            ||    39
Block: Other             ||    10
       Reflection        ||     1
